 Dungeon Crawl Stone Soup version 0.19.1-1-g22dce08 (webtiles) character file.

60 pieknaormianka the Magician (level 3, -2/23 HPs)
             Began as a High Elf Wizard on Jan 15, 2017.
             Slain by an orc
             ... wielding a +0 trident
              (6 damage)
             ... on level 3 of the Dungeon.
             The game lasted 00:26:51 (2183 turns).

pieknaormianka the Magician (High Elf Wizard)       Turns: 2183, Time: 00:26:52

Health: -2/23      AC:  4    Str:  6    XL:     3   Next: 80%
Magic:  1/9        EV: 13    Int: 22    God:
Gold:   122        SH:  0    Dex: 14    Spells: 2 memorised, 7 levels left

rFire  . . .     SeeInvis .     h - +0 dagger
rCold  . . .     Gourm    .     q - +0 robe
rNeg   . . .     Faith    .     (no shield)
rPois  .         Spirit   .     w - +2 hat
rElec  .         Reflect  .     (no cloak)
rCorr  .         Harm     .     (no gloves)
MR     .....                    (no boots)
Stlth  ++........               (no amulet)
                                (no ring)
                                (no ring)

@: no status effects
A: no striking features
a: no special abilities


You were on level 3 of the Dungeon.
You were not hungry.

You visited 1 branch of the dungeon, and saw 3 of its levels.

You collected 122 gold pieces.

Inventory:

Hand Weapons
 e - a +0 club
 h - a +0 dagger (weapon)
 l - a +0 hand axe
 p - a +0 hunting sling
 r - a +0 whip
Missiles
 j - 44 bolts
 n - 88 stones
 y - a javelin of returning (quivered)
Armour
 a - a +0 robe
 b - a +1 hat
 i - a cursed -1 leather armour
 q - a +0 robe (worn)
 s - a +0 robe
 w - a +2 hat (worn)
 x - a cursed +0 leather armour
Scrolls
 k - a scroll of remove curse
 u - a scroll of identify
Potions
 m - a potion of agility
 o - a potion of might
Books
 c - a book of Minor Magic

   Spells                             Type                      Level
   a - Magic Dart                     Conjuration                  1
   b - Blink                          Translocation                2
   c - Call Imp                       Summoning                    2
   d - Repel Missiles                 Charms/Air                   2
   e - Slow                           Hexes                        2
   f - Conjure Flame                  Conjuration/Fire             3
   g - Mephitic Cloud                 Conjuration/Poison/Air       3
Comestibles
 d - 2 bread rations
 f - 4 fruits
 g - 3 meat rations
 t - a beef jerky
 v - a chunk of flesh


   Skills:
 * Level 1.5 Fighting
 + Level 0.2 Short Blades
 + Level 0.8 Throwing
 + Level 2.5 Dodging
 + Level 2.4 Stealth
 + Level 4.2 Spellcasting
 * Level 1.7 Conjurations
 + Level 1.0 Summonings
   Level 1.1 Translocations


You had 7 spell levels left.
You knew the following spells:

 Your Spells              Type           Power        Failure   Level  Hunger
a - Magic Dart            Conj           ##..         8%          1    None
b - Call Imp              Summ           #.......     12%         2    #......


Dungeon Overview and Level Annotations

Branches:
Dungeon (3/15)

Altars:


Message History

You kill the jackal!
The orc hits you from afar with a trident.
Casting: Magic Dart
Confirm with . or Enter, or press ? or * to list all spells.
Okay, then.
Casting: Magic Dart
Confirm with . or Enter, or press ? or * to list all spells.
A metallic apparition takes form in the air.
The orc hits you from afar with a trident.
The orc hits you from afar with a trident.
The orc barely misses you.
Your iron imp hits the orc.
The orc misses you.
Your iron imp closely misses the orc.
The orc hits you but does no damage.
Your iron imp closely misses the orc.
The orc barely misses you.
Your iron imp barely misses the orc.
The orc hits you from afar with a trident.
* * * LOW HITPOINT WARNING * * *
Your iron imp barely misses the orc.
The orc hits you from afar with a trident.
You die...

####.##.#.#........
...#.#.#......#.
####.#..##..#.#
#.#......# ..
#.##..##.###.# #
#.....#....... ...
#####....#####.....
#....#.5ohw(...
#....#@###g...(
#.#....# .#.
#.#....# #.#....#
..#..>.# ........
.###.##. .. #.# .#
.. #.# #


You could see a worm, an orc, a jackal and a friendly iron imp.

Vanquished Creatures
  A ball python (D:2)
  4 bats
  A giant cockroach (D:2)
  7 goblins
  5 hobgoblins
  4 jackals
  2 frilled lizards
  3 kobolds
  7 rats
34 creatures vanquished.

Vanquished Creatures (collateral kills)
  An adder (D:3)
  An ooze (D:2)
  A worm (D:2)
  A dart slug (D:1)
  A giant cockroach (D:2)
  2 goblins (D:2)
  3 jackals (D:2)
  A bat (D:2)
  4 kobolds
  A rat (D:3)
16 creatures vanquished.

Grand Total: 50 creatures vanquished

Notes
Turn   | Place    | Note
-------+----------+-------------------------------------------
     0 | D:1      | pieknaormianka the High Elf Wizard began the quest for the Orb.
     0 | D:1      | Reached XP level 1. HP: 11/11 MP: 6/6
   162 | D:1      | Reached skill level 4 in Spellcasting
   186 | D:1      | Reached XP level 2. HP: 11/17 MP: 1/8
   271 | D:1      | Learned a level 2 spell: Call Imp
  1097 | D:2      | Reached XP level 3. HP: 20/22 MP: 9/9
  1260 | D:2      | Reached skill level 1 in Fighting
  1780 | D:2      | Reached skill level 1 in Summonings
  2183 | D:3      | Slain by an orc

Skill      XL: |  1  2  3 |
---------------+----------+-----
Spellcasting   | 4 |  4.2
Fighting       | 1 |  1.5
Summonings     | 1 |  1.0
Short Blades   | |  0.2
Throwing       | |  0.8
Dodging        | |  2.5
Stealth        | |  2.4
Conjurations   | |  1.7
Translocations | |  1.1

Action                   || total
-------------------------++-------
Melee: Club              ||     4
       Dagger            ||   117
Throw: Stone             ||    67
       Javelin           ||     4
 Cast: Magic Dart        ||    42
       Call Imp          ||    25
  Use: Scroll            ||     8
       Potion            ||     7
  Eat: Chunk             ||     4
Armor: Robe              ||    49
Dodge: Dodged            ||   123
